 Dungeon Crawl Stone Soup version 0.30.0-11-gf55b779eaf (webtiles) character file.

Game seed: 15605238827616067449

215 mdonais the Covered (level 6, -2/55 HPs)
             Began as a Meteoran Fighter on May 16, 2023.
             Slain by Menkaure (20 damage)
             ... on level 4 of the Dungeon.
             The game lasted 00:05:09 (620 turns).

mdonais the Covered (Meteoran Fighter)               Turns: 620, Time: 00:05:10

Health: -2/55      AC:  8    Str: 20    XL:     6   Next: 39%
Magic:  7/7        EV:  9    Int:  9    God:
Gold:   76         SH:  6    Dex: 20    Spells: 5/5 levels left

rFire   . . .        a - +0 war axe
rCold   . . .        c - +0 buckler
rNeg    . . .        b - +0 scale mail
rPois   .            (no helmet)
rElec   .            (no cloak)
rCorr   .            (no gloves)
SInv    .            e - +0 pair of boots
Will    +....        (no amulet) Stlth
                     i - +6 ring of dexterity
HPRegen 0.29/turn    f - ring of willpower
MPRegen 0.10/turn

%: no passive effects
@: glowing
A: sense surroundings 1, otherworldly, glowing, explore regen
a: no special abilities


You were on level 4 of the Dungeon.
You visited 1 branch of the dungeon, and saw 4 of its levels.

You collected 76 gold pieces.

Inventory:

Hand Weapons
 a - a +0 war axe (weapon)
Missiles
 Z - a throwing net (quivered) {=!f}
Armour
 b - a +0 scale mail (worn)
 c - a +0 buckler (worn)
 e - a +0 pair of boots (worn)
   (You found it on level 1 of the Dungeon)
Jewellery
 f - a ring of willpower (right hand)
   (You found it on level 3 of the Dungeon)
 i - a +6 ring of dexterity (left hand)
   (You found it on level 1 of the Dungeon)
Scrolls
 g - a scroll of butterflies {unknown}
 h - a scroll of immolation
 j - a scroll of brand weapon {unknown}
 k - a scroll of fog {unknown}
 l - a scroll of teleportation {unknown}
 m - a scroll of torment {unknown}
 R - a scroll of identify
Potions
 d - a potion of might


   Skills:
 + Level 4.9 Fighting
 + Level 4.4 Axes
 + Level 5.3 Armour
 - Level 3.6 Shields


You had 5 spell levels left.
You didn't know any spells.
Your spell library contained the following spells:

 Spells                   Type           Power      Damage    Failure   Level
 Ignite Poison            Fire/Tmut/Pois 0%         N/A       99%         3
 Sticky Flame             Conj/Fire      0%         2d3       100%        4
 Ignition                 Fire           0%         3d3       100%        8


Dungeon Overview and Level Annotations

Branches:
Dungeon (4/15) Zot: 1735
 Temple: D:4-7

Altars:
Ashenzari
Kikubaaqudgha

Shops:
D:2 :

Annotations:
D:4 Menkaure


Innate Abilities, Weirdness & Mutations

You passively map a small area around you.
You are easily found by Zot.
You glow in the dark.
You regain HP and MP as you explore.


Message History

You kill the kobold!
You see here a +0 dagger.
An adder comes into view.
The adder hisses angrily.
The adder closely misses you.
You miss the adder. The adder misses you.
The adder bites you but does no damage.
You hit the adder.
The adder is moderately wounded.
The adder bites you but does no damage. x2
You slash the adder!
You kill the adder!
An iguana comes into view.
The iguana hisses angrily.
Found 3 gold pieces.
Found a stone staircase leading up.
You closely miss the iguana.
The iguana bites you but does no damage.
You block the iguana's attack.
You closely miss the iguana.
The iguana bites you but does no damage.
You slash the iguana!
The iguana is heavily wounded.
The iguana bites you but does no damage.
You slash the iguana!
You kill the iguana!
You have reached level 6!
You feel stronger.
Health restored: 53; MP restored: 7
Found 11 gold pieces.
There is a stone staircase leading up here.
You climb upwards.
The giant cockroach bites you but does no damage.
Found four items.
Found a stone staircase leading up.
There is a stone staircase leading down here.
You closely miss the giant cockroach. You block the giant cockroach's attack.
A hobgoblin comes into view.
The giant cockroach waves its antennae.
The giant cockroach bites you but does no damage.
You barely miss the ball python. You barely miss the giant cockroach.
The hobgoblin shouts!
You slash the bat!
You kill the bat!
The ball python bites you but does no damage.
The ball python grabs you. The ball python constricts you.
You block the giant cockroach's attack.
You hit the ball python.
The ball python is heavily wounded.
You hit the giant cockroach.
You kill the giant cockroach!
The ball python bites you but does no damage.
The ball python constricts you. The ball python barely misses you.
The ball python constricts you.
You hit the ball python.
You kill the ball python!
The hobgoblin hits you but does no damage.
You hit the hobgoblin.
The hobgoblin is moderately wounded.
You block the hobgoblin's attack.
You slash the hobgoblin!
You kill the hobgoblin!
No target in view!
You now have 63 gold pieces (gained 13).
You see here a giant cockroach corpse.
Things that are here:
a +0 quarterstaff; a bat corpse
Found a broken altar of Ashenzari.
f - a ring of willpower
m - a scroll labelled ICZAEG SYMPIRO
f - a ring of willpower (right hand)
There is a stone staircase leading up here.
You climb upwards.
The ball python hisses angrily.
The bat hits you but does no damage.
Found 2 gold pieces.
There is a stone staircase leading down here.
You block the bat's attack.
You miss the bat. You block the bat's attack.
You hit the bat but do no damage. The bat hits you.
You take 1 damage, and have 52/53 hp.
You barely miss the ball python. You slash the bat!
You kill the bat!
The ball python closely misses you. The ball python grabs you.
The ball python constricts you. You block the ball python's attack.
The ball python constricts you.
You hit the ball python.
You kill the ball python!
Health restored: 53 No target in view!
There is a stone staircase leading down here.
You see here a bat corpse.
Found 7 stones.
You see here a ball python corpse.
You now have 65 gold pieces (gained 2).
There is a stone staircase leading down here.
You see here a bat corpse.
You climb downwards.
There is a stone staircase leading up here.
There is a stone staircase leading down here.
You climb downwards.
There is a stone staircase leading up here.
You now have 76 gold pieces (gained 11).
Natasha, Servant of Life and Death comes into view.
Found a stone staircase leading down.
Menkaure, Prince of Dust comes into view.
Natasha barely misses you.
You barely miss Natasha. Natasha claws you.
You take 2 damage, and have 51/53 hp.
You hit Natasha.
Natasha is moderately wounded.
Natasha claws you!
You take 6 damage, and have 45/53 hp.
You hit Natasha.
Natasha is severely wounded.
Natasha wildly gestures.
You feel troubled. You block Natasha's attack.
Natasha claws you but does no damage.
You hit Natasha.
Natasha is almost dead.
Natasha claws you.
You take 1 damage, and have 44/53 hp.
You closely miss Natasha.
Natasha is almost dead.
Natasha claws you but does no damage.
You hit Natasha.
You kill Natasha!
Natasha screams in pain as she dies!
You regained 2 hp, and now have 47/55 hp.
You hit Menkaure.
Menkaure is moderately damaged.
Menkaure sighs a few words.
Menkaure barely misses you.
Menkaure mumbles some strange words.
Menkaure seems to speed up.
You hit Menkaure but do no damage.
Menkaure is moderately damaged.
Menkaure hits you!!
You take 19 damage, and have 28/55 hp.
MASSIVE DAMAGE!!
You barely miss Menkaure.
Menkaure is moderately damaged.
Menkaure hits you. Menkaure hits you but does no damage.
You take 6 damage, and have 22/55 hp.
You slash Menkaure!
Menkaure is severely damaged.
Menkaure hits you.
You take 5 damage, and have 17/55 hp.
You hit Menkaure.
Menkaure is almost destroyed.
Menkaure barely misses you. Menkaure hits you!!
You die...

* , #..#.#.# #......#
#.#.#M.# .....
......##.#.#$# * * *
*,#.#..##.#.#.# *
.....##.#.#.#
##########....#.....#
......>.@M....#.....#
###########.........#
#.......†.# *
*#######.........# ,,
..............#.#####
*
..#####......<#.#....
#.......#.##.## *
#.......#.#...# * , *
#.......#.#.###


You could see Menkaure (fast).

Vanquished Creatures
  2 vampire bats (D:3)
  Natasha (D:4)
  An iguana (D:4)
  3 gnolls
  2 adders (D:4)
  2 ball pythons
  2 bats
  4 bat zombies (D:3)
  2 endoplasms (D:1)
  4 giant cockroaches
  2 hobgoblins
  4 kobolds
  A quokka (D:1)
  2 frilled lizards (D:1)
  5 goblins (D:1)
  2 rats (D:1)
39 creatures vanquished.

Vanquished Creatures (others)
  A jackal (D:4)
1 creature vanquished.

Grand Total: 40 creatures vanquished

Notes
Turn   | Place    | Note
-------+----------+-------------------------------------------
     0 | D:1      | mdonais the Meteoran Fighter began the quest for the Orb.
     0 | D:1      | Reached XP level 1. HP: 19/19 MP: 2/2
    85 | D:1      | Reached XP level 2. HP: 21/26 MP: 3/3
   212 | D:1      | Reached skill level 4 in Armour
   248 | D:1      | Reached XP level 3. HP: 33/33 MP: 4/4
   300 | D:2      | Found Vanesam's Book Shop.
   333 | D:2      | Found a broken altar of Ashenzari.
   370 | D:2      | Reached XP level 4. HP: 29/40 MP: 5/5
   428 | D:3      | Found an ancient bone altar of Kikubaaqudgha.
   432 | D:3      | Reached XP level 5. HP: 45/46 MP: 6/6
   438 | D:3      | Reached skill level 5 in Armour
   526 | D:4      | Reached XP level 6. HP: 53/53 MP: 7/7
   552 | D:3      | Found a broken altar of Ashenzari.
   604 | D:4      | Noticed Natasha
   605 | D:4      | Noticed Menkaure
   615 | D:4      | Killed Natasha
   620 | D:4      | Slain by Menkaure

Illustrated notes

Levels and vault maps discovered:
D:1:      dpeg_arrival_refuge, layout_loops_ring
D:2:      layout_basic, basic_altar, serial_shops, nicolae_shop_rolling_square,
          minmay_box_of_dots
D:3:      layout_basic, kennysheep_vampire_church, ashenzari_altar_1,
          hellmonk_ecumenical_altar_zigzags
D:4:      layout_basic, fiery_altar_vehumet, serial_glass, glass_columns_b,
          glass_columns_c, glass_columns_c, glass_columns_a, glass_columns_a,
          glass_columns_a, glass_columns_b, glass_columns_b, feat_on_display,
          serial_bayou_ford_a, uniq_natasha, uniq_menkaure

Skill      XL: |  1  2  3  4  5 |
---------------+----------------+-----
Armour         | 4 5 |  5.3
Axes           | 3 4 |  4.4
Fighting       | 4 |  4.9
Shields        | |  3.6

Action                     |  1- 3 |  4- 6 || total
---------------------------+-------+-------++-------
  Melee: War axe           |    63 |    54 ||   117
    Use: Scroll            |     1 |       ||     1
 Armour: Scale mail        |    38 |    38 ||    76
  Dodge: Dodged            |    22 |    16 ||    38
  Block: Buckler           |    18 |    26 ||    44
